 Dungeon Crawl Stone Soup version 0.26-a0-800-g517d6fe721 (webtiles) character file.

Game seed: 3698216920344173107

145 mhtbhm the Shield-Bearer (level 5, -7/33 HPs)
             Began as a Gargoyle Fighter on Nov 11, 2020.
             Killed by divine providence
             ... invoked by an orc priest
              (15 damage)
             ... on level 4 of the Dungeon.
             The game lasted 00:01:20 (538 turns).

mhtbhm the Shield-Bearer (Gargoyle Fighter)          Turns: 538, Time: 00:01:21

Health: -7/33      AC: 18    Str: 21    XL:     5   Next: 27%
Magic:  5/5        EV:  4    Int:  8    God:
Gold:   29         SH:  9    Dex:  9    Spells: 4/4 levels left

rFire    . . .     SeeInvis .   a - +0 flail
rCold    . . .     Faith    .   c - +0 kite shield
rNeg     + . .     Spirit   .   b - +0 plate armour
rPois    ∞         Reflect  .   g - +0 helmet
rElec    +         Harm     .   f - +0 cloak
rCorr    .         Rampage  .   (no gloves)
MR       .....                  (no boots)
Stlth    ..........             (no amulet)
HPRegen  0.11/turn              (no ring)
MPRegen  0.09/turn              (no ring)

@: mighty
A: negative energy resistance 1, electricity resistance, unbreathing,
petrification resistance, rot immunity, AC +4
a: no special abilities


You were on level 4 of the Dungeon.
You visited 1 branch of the dungeon, and saw 4 of its levels.

You collected 29 gold pieces.

Inventory:

Hand Weapons
 a - a +0 flail (weapon)
Armour
 b - a +0 plate armour (worn)
 c - a +0 kite shield (worn)
 f - a +0 cloak (worn)
 g - a +0 helmet (worn)
Scrolls
 e - a scroll of remove curse {unknown}
 h - a scroll of fog {unknown}
 i - 2 scrolls of teleportation {unknown}
 j - a scroll of blinking {unknown}


   Skills:
 + Level 4.1 Fighting
 + Level 3.4 Maces & Flails
 + Level 4.0 Armour
 + Level 4.4 Shields


You had 4 spell levels left.
You didn't know any spells.
Your spell library was empty.

Dungeon Overview and Level Annotations

Branches:
Dungeon (4/15)
 Temple: D:4-7

Altars:


Innate Abilities, Weirdness & Mutations

You are resistant to torment.
Your stone body is resilient. (AC +4)
You are immune to poison.
You resist negative energy. (rN+)
You are resistant to electric shocks. (rElec)
You can survive without breathing.
You are immune to petrification.
You are immune to rotting.


Message History

You are too injured to fight recklessly!
You are too injured to fight recklessly!
You are too injured to fight recklessly!
You are too injured to fight recklessly!
You are too injured to fight recklessly!
You are too injured to fight recklessly!
Unknown command.
You aren't carrying any potions.
Unknown command.
You aren't carrying any items that you can evoke.
Unknown command.
Okay, then.
You closely miss the orc priest.
The orc priest casts a cantrip, but nothing happens.
The orc priest looks braver for a moment.
You sock the orc priest!
The orc priest is severely wounded.
The orc priest invokes the aid of Beogh against you.
Beogh smites you!
You die...

#..........<..
.............
#............
#............
#...........
#.......... ...#
#..o...".. ....#
##@....... .....#
##.)......#
......###..##(...##
.......##.## #...#
.......#.## #.##
.........# ##
#####..## ##.##
##..#


You could see an orc priest.

Vanquished Creatures
  A phantom (D:4)
  An orc wizard (D:4)
  3 dart slugs (D:1)
  An orc (D:4)
  A ball python (D:1)
  3 bats
  2 hobgoblins (D:1)
  4 jackals (D:1)
  A frilled lizard (D:2)
  3 kobolds (D:1)
  3 rats
23 creatures vanquished.

Notes
Turn   | Place    | Note
-------+----------+-------------------------------------------
     0 | D:1      | mhtbhm the Gargoyle Fighter began the quest for the Orb.
     0 | D:1      | Reached XP level 1. HP: 14/14 MP: 1/1
   351 | D:1      | Reached XP level 2. HP: 19/19 MP: 2/2
   431 | D:1      | Reached XP level 3. HP: 24/24 MP: 3/3
   507 | D:4      | Noticed a phantom
   534 | D:4      | Killed a phantom
   534 | D:4      | Reached XP level 4. HP: 17/29 MP: 4/4
   534 | D:4      | Reached XP level 5. HP: 19/33 MP: 5/5
   538 | D:4      | Killed from afar by an orc priest

Illustrated notes

Levels and vault maps discovered:
D:1:      dpeg_arrival_shelter, layout_loops_corners, amethyst_killhole,
          chequers_serial_rivers_micro_c
D:2:      minmay_alternating_diamond, layout_basic, dk_vineyard_3
D:3:      layout_loops_corners, uniq_robin, uniq_crazy_yiuf_cottage
D:4:      layout_cave_pods, kennysheep_slug_shrine,
          minmay_temple_entry_overgrown, uniq_duvessa, uniq_blork_the_orc,
          uniq_sigmund

Skill      XL: |  1  2  3 |
---------------+----------+-----
Fighting       | 4 |  4.1
Maces & Flails | 3 |  3.4
Armour         | 4 |  4.0
Shields        | 4 |  4.4

Action                   |  1- 3 |  4- 6 || total
-------------------------+-------+-------++-------
Melee: Flail             |    84 |     4 ||    88
  Use: Potion            |     1 |       ||     1
Armor: Plate armour      |    69 |     1 ||    70
Dodge: Dodged            |    16 |       ||    16
Block: Kite shield       |    58 |       ||    58

Table legend: (Time is in decaauts)
 A = Elapsed time spent in this place.
 B = Non-inter-level travel time spent in this place.
 C = Inter-level travel time spent in this place.
 D = Time resting spent in this place.
 E = Time spent auto-exploring this place.
 F = Levels seen in this place.
 G = Mean time per level.
                   A        B        C        D        E       F      G
               +--------+--------+--------+--------+--------+-----+--------+
         Total |    569 |    569 |      0 |      0 |    315 |   4 |  142.2 |
       Dungeon |    569 |    569 |      0 |      0 |    315 |   4 |  142.2 |
               +--------+--------+--------+--------+--------+-----+--------+

Top non-repeatable levels by time:
     D:1: 461 daAuts
     D:4: 52 daAuts
     D:2: 28 daAuts
     D:3: 28 daAuts
